 Dungeon Crawl Stone Soup version 0.28.0 (webtiles) character file.

Game seed: 4658569977049719318

24 Sanktem7 the Skirmisher (level 2, -1/28 HPs)
             Began as a Minotaur Fighter on Feb 18, 2022.
             Succumbed to a gnoll's poison
             ... on level 1 of the Dungeon.
             The game lasted 00:00:30 (369 turns).

Sanktem7 the Skirmisher (Minotaur Fighter)           Turns: 369, Time: 00:00:31

Health: -1/28      AC:  7    Str: 20    XL:     2   Next: 79%
Magic:  1/1        EV:  9    Int:  5    God:
Gold:   0          SH:  4    Dex:  9    Spells: 1/1 levels left

rFire   . . .      SeeInvis .   a - +0 war axe
rCold   . . .      Faith    .   c - +0 buckler
rNeg    . . .      Spirit   .   b - +0 scale mail
rPois   .          Reflect  .   (helmet restricted)
rElec   .          Harm     .   (no cloak)
rCorr   .          Rampage  .   (no gloves)
Will    .....                   (no boots)
Stlth   ..........              (no amulet)
HPRegen 0.09/turn               (no ring)
MPRegen 0.07/turn               (no ring)

@: lethally poisoned (-1 -> -12)
A: horns 2, retaliatory headbutt
a: no special abilities


You were on level 1 of the Dungeon.
You visited 1 branch of the dungeon, and saw 1 of its levels.

Inventory:

Hand Weapons
 a - a +0 war axe (weapon)
Armour
 b - a +0 scale mail (worn)
 c - a +0 buckler (worn)
Scrolls
 e - a scroll of fog {unknown}
Potions
 d - a potion of might


   Skills:
 * Level 4.5 Fighting
 * Level 2.8 Axes
 + Level 3.8 Armour
 + Level 0.1 Dodging
 - Level 3.6 Shields


You had one spell level left.
You didn't know any spells.
Your spell library was empty.

Dungeon Overview and Level Annotations

Branches:
Dungeon (1/15)

Altars:


Innate Abilities, Weirdness & Mutations

You have a pair of horns on your head.
You reflexively headbutt those who attack you in melee.


Message History

A gnoll is nearby!
A gnoll is nearby!
A gnoll is nearby!
A gnoll is nearby!
The gnoll shouts!
You see here an amethyst potion.
The gnoll hits you but does no damage.
You are poisoned.
You feel sick.
The gnoll hits you with a +1 spear of venom.
You are lethally poisoned!
You slash the gnoll! You headbutt the gnoll.
The gnoll is almost dead.
You feel very sick.
The gnoll hits you with a +1 spear of venom.
You are more poisoned.
You block the gnoll's attack.
You are too injured to fight recklessly!
You are too injured to fight recklessly!
You are too injured to fight recklessly!
You are too injured to fight recklessly!
You are too injured to fight recklessly!
You are too injured to fight recklessly!
You are too injured to fight recklessly!
You are too injured to fight recklessly!
You are too injured to fight recklessly!
You are too injured to fight recklessly!
You are too injured to fight recklessly!
Unknown command.
You slash the gnoll!
You kill the gnoll!
* * * LOW HITPOINT WARNING * * *
You feel very sick.
* * * LOW HITPOINT WARNING * * *
You feel very sick.
You see here a +1 spear of venom.
There is a lethal amount of poison in your body!
There is a lethal amount of poison in your body!
There is a lethal amount of poison in your body!
You die...

# .# ... . .. .# .#
##########.###.##
......)....#....#
####).###....#
#.†....##....#.###
##.####!..)@......#
######†.#
####..).###.#
....†..## #.(..#
.####### ..........
.# ##≈≈≈≈≈≈≈###
#### #≈≈≈≈≈≈≈≈≈≈#
...# #≈≈≈≈≈≈≈≈≈≈#
##.### #≈≈≈≈....≈≈#
#...###
#≈≈≈≈≈....≈# .##


There were no monsters in sight!

Vanquished Creatures
  A gnoll (D:1)
  2 bats (D:1)
  A giant cockroach (D:1)
  2 goblins (D:1)
  2 jackals (D:1)
  A quokka (D:1)
  A frilled lizard (D:1)
  A kobold (D:1)
  2 rats (D:1)
13 creatures vanquished.

Notes
Turn   | Place    | Note
-------+----------+-------------------------------------------
     0 | D:1      | Sanktem7 the Minotaur Fighter began the quest for the Orb.
     0 | D:1      | Reached XP level 1. HP: 19/19 MP: 0/0
   180 | D:1      | Reached skill level 4 in Fighting
   348 | D:1      | Reached XP level 2. HP: 27/27 MP: 1/1
   368 | D:1      | HP: 1/28 [poisoned by a gnoll]
   369 | D:1      | Succumbed to a gnoll's poison

Illustrated notes

Levels and vault maps discovered:
D:1:      dpeg_arrival_pond, layout_rooms, ebering_ecumenical_altar_mist,
          minmay_pentomino_u2

Skill      XL: |  1 |
---------------+----+-----
Fighting       | 4 |  4.5
Axes           | |  2.8
Armour         | |  3.8
Dodging        | |  0.1
Shields        | |  3.6

Action                   || total
-------------------------++-------
Melee: War axe           ||    20
       Headbutt          ||     2
Armor: Scale mail        ||     9
Dodge: Dodged            ||    12
Block: Buckler           ||     7
